Map: Terrasses de Prion

Players

BladeRunner - Winner!

  • Race: Terran Terran
  • League: Silver
  • Spawn Location: 11:00

zidar

  • Race: Zerg Zerg
  • League: Silver
  • Spawn Location: 5:00

VOD

Have the link to the VOD?

Description

Time

  • Played on: March 6, 2016, 10:33 a.m.
  • Length: 23:02
Show
View Real Time Build Order
Export as new Build Order

BladeRunner Terran - Winner!

Build Orders:  

Get SALT Encoding   

  12  0:06  SCV  
  13  0:17  Supply Depot  
  13  0:18  SCV  
  14  0:27  Refinery  
  14  0:30  SCV  
  15  0:43  Barracks  
  15  0:47  SCV  
  16  0:59  SCV  
  17  1:06  Supply Depot  
  17  1:11  SCV  
  18  1:18  Barracks  
  18  1:23  SCV  
  19  1:30  Reaper  
  20  1:40  Orbital Command  
  20  1:52  Barracks  
  20  2:02  Reaper  
  20  2:05  SCV  
  20  2:08  Marine  
  23  2:19  SCV, Supply Depot  
  24  2:26  Reaper  
  25  2:36  Reaper  
  26  2:40  Reaper  
  27  2:46  SCV  
  28  2:54  Refinery  
  28  3:00  Command Center  
  29  3:17  SCV  
  30  3:26  Factory  
  30  3:30  Marine  
  30  3:33  Barracks Reactor  
  31  3:36  Barracks Tech Lab  
  31  3:38  SCV  
  31  3:44  Barracks  
  31  3:50  Marine, SCV  
  33  3:59  Marauder  
  35  4:08  Marine  
  36  4:17  SCV  
  36  4:19  Marine x2  
  36  4:20  Marine, Orbital Command  
  36  4:22  Factory Reactor  
  40  4:25  Marine  
  40  4:26  Starport  
  40  4:36  Marine  
  40  4:38  Marine  
  38  4:56  Marauder  
  38  4:57  Starport  
  38  4:59  Starport  
  40  5:09  Orbital Command  
  40  5:13  Marine x2  
  40  5:14  Marine  
  42  5:17  Marauder, Bunker  
  42  5:18  Bunker  
  49  5:23  Widow Mine x2  
  49  5:25  Starport Tech Lab  
  49  5:30  Marine  
  49  5:31  Marine x2  
  52  5:36  Refinery x2  
  52  5:40  SCV  
  44  5:50  Bunker  
  35  6:05  Marine x2  
  35  6:06  Marine x3  
  35  6:09  Banshee, Starport Tech Lab  
  38  6:23  Marine x2  
  39  6:28  Marine x3  
  39  6:41  Marine x2, SCV x2  
  39  6:44  Banshee  
  39  6:46  Marine  
  47  6:51  Marine x2  
  47  6:52  Starport Tech Lab  
  47  6:53  SCV x2  
  51  6:55  Combat Shield  
  51  6:59  Marine  
  52  7:04  Supply Depot  
  52  7:05  SCV  
  53  7:11  Supply Depot  
  53  7:13  Supply Depot  
  53  7:19  SCV  
  54  7:26  SCV, Supply Depot  
  54  7:29  Armory  
  55  7:31  Banshee  
  55  7:35  SCV  
  59  7:37  Marine x2  
  59  7:38  SCV  
  59  7:42  Banshee  
  65  7:47  SCV  
  65  7:49  Supply Depot  
  70  7:55  Widow Mine x2  
  70  7:58  SCV  
  71  7:59  SCV, Supply Depot, Banshee  
  75  8:10  SCV, Engineering Bay  
  75  8:11  SCV  
  77  8:14  Marine x2, Armory  
  77  8:17  Banshee  
  82  8:21  Cloaking Field  
  82  8:29  Marine x2  
  82  8:30  Marine  
  82  8:32  Marine  
  90  8:49  Widow Mine x2  
  90  8:50  Command Center  
  90  8:52  Banshee  
  90  8:54  Raven  
  95  8:57  Terran Ship Weapons Level 1  
  95  9:02  Terran Vehicle And Ship Armor Level 1  
  95  9:06  SCV x2  
  99  9:17  Widow Mine  
  99  9:26  Marine x3  
  102  9:33  Supply Depot  
  102  9:41  Stimpack  
  102  9:44  Barracks Reactor  
  102  9:55  Marine  
  102  9:56  Supply Depot  
  102  9:58  Fusion Core  
  103  10:05  Orbital Command  
  107  10:10  Widow Mine  
  107  10:11  Marine, Widow Mine  
  107  10:12  Marine x2  
  107  10:13  Marine  
  111  10:18  Supply Depot  
  111  10:43  Marine x2  
  111  10:44  Marine  
  112  11:16  Marine x3  
  115  11:21  Orbital Command  
  115  11:46  Marine  
  115  11:47  Marine x2  
  116  11:49  Missile Turret  
  116  11:51  Missile Turret  
  116  11:52  Hi-Sec Auto Tracking  
  97  12:10  Missile Turret  
  97  12:11  Missile Turret  
  97  12:14  Marine x3  
  97  12:15  Marine x2  
  106  12:21  Widow Mine x2  
  106  12:31  Marine  
  106  12:32  Marine x2, Missile Turret  
  106  12:33  Battlecruiser  
  106  12:34  Battlecruiser x2  
  106  12:36  Missile Turret  
  127  12:43  Refinery  
  127  12:49  Missile Turret, Terran Vehicle And Ship Armor Level 2, Terran Infantry Weapons Level 1  
  127  12:50  Terran Ship Weapons Level 2  
  127  12:54  Hyperflight Rotors  
  127  12:58  Missile Turret  
  127  13:27  Missile Turret  
  127  13:37  Refinery  
  127  13:38  Refinery  
  127  13:40  Marine x2  
  127  13:41  Marine x2  
  130  13:42  Refinery, Command Center  
  130  13:43  Barracks Reactor  
  130  13:46  Concussive Shells  
  131  13:50  Missile Turret  
  131  14:02  Engineering Bay  
  131  14:07  Marine x4  
  131  14:08  Marine  
  136  14:11  Missile Turret  
  136  14:20  Barracks  
  136  14:21  Barracks  
  136  14:25  Marine x4  
  140  14:37  Supply Depot  
  140  14:39  Supply Depot x2  
  140  14:41  Marine  
  141  14:49  Terran Infantry Weapons Level 2  
  141  14:50  Terran Infantry Armor Level 1  
  141  14:53  Marine x3, Weapon Refit  
  148  15:01  Widow Mine x2  
  148  15:05  Orbital Command  
  148  15:09  Barracks x2  
  148  15:12  Barracks  
  148  15:13  Barracks, Terran Ship Weapons Level 3  
  148  15:16  Terran Vehicle And Ship Armor Level 3  
  148  15:18  Battlecruiser  
  148  15:20  Marine  
  155  15:26  Medivac  
  155  15:27  Medivac  
  159  15:55  Marine x4  
  163  16:06  Command Center  
  163  16:08  Command Center  
  163  16:23  Marine x3  
  163  16:24  Marine  
  163  16:25  Marine  
  168  16:26  Barracks Reactor x2  
  168  16:27  Marine x3  
  171  16:40  Marine x2, Battlecruiser  
  171  16:41  Marine  
  180  16:50  Supply Depot  
  180  17:11  Marine x7  
  187  17:20  Supply Depot  
  187  17:38  Battlecruiser  
  187  17:39  Battlecruiser  
  187  17:43  Barracks Reactor  
  199  17:44  Supply Depot  
  199  17:48  Barracks Reactor x3  
  199  17:54  Marine  
  131  18:50  Marine x3  
  131  18:51  Marine x6  
  131  18:52  Marine x7  
  131  18:53  Marine x3  
  150  19:08  Marine x4  
  150  19:09  Marine x6  
  159  19:10  Marine x9  
  168  19:26  Marine x6  
  163  19:54  Battlecruiser  
  157  20:08  Orbital Command  
  157  20:15  Marine x3  
  157  20:16  Marine x5  
  165  21:08  Battlecruiser  
  165  21:10  Battlecruiser  
  177  21:32  SCV x3  
  180  21:34  SCV  
  181  21:40  SCV  
  181  21:44  SCV x3  
  181  21:46  Medivac  
  187  21:52  SCV  
  188  22:04  SCV  
  189  22:12  Medivac  
  191  22:16  SCV  
  191  22:20  Missile Turret  
  191  22:21  Missile Turret  
  192  22:28  SCV  
  193  22:31  Marine  
  193  22:32  Marine x6  
  200  22:41  Missile Turret  
  200  22:42  Missile Turret  
  200  23:01  Missile Turret  
Show
View Real Time Build Order
Export as new Build Order

zidar Zerg 

Build Orders: Pool First, Muta Ling Bane 

Get SALT Encoding   

  12  0:02  Drone  
  13  0:12  Overlord  
  13  0:18  Drone  
  14  0:30  Drone x2  
  14  0:34  Drone  
  17  0:51  Spawning Pool, Drone  
  17  1:16  Hatchery  
  17  1:17  Drone  
  17  1:21  Extractor, Drone  
  17  1:25  Drone  
  18  1:39  Queen  
  20  1:41  Drone  
  21  1:48  Overlord  
  21  1:58  Zergling x2  
  22  2:07  Zergling x2  
  23  2:14  Queen  
  25  2:26  Zergling x2  
  25  2:27  Zergling x2  
  26  2:41  Metabolic Boost  
  26  2:49  Drone x6  
  32  2:59  Queen  
  34  3:12  Roach Warren  
  33  3:15  Extractor  
  32  3:34  Overlord x2  
  32  3:36  Zergling x4  
  32  3:37  Zergling x4  
  36  4:02  Roach x6  
  50  4:03  Roach  
  49  4:18  Roach  
  49  4:23  Overlord x2  
  50  4:35  Ravager  
  51  4:40  Overlord x2  
  51  4:44  Ravager  
  52  4:59  Ravager  
  53  5:23  Baneling Nest  
  52  5:33  Zergling x2  
  52  5:34  Zergling x14  
  30  6:42  Zergling x2  
  30  6:43  Zergling x10  
  36  6:55  Zergling x2  
  36  6:56  Zergling x2  
  36  7:00  Lair  
  38  7:12  Extractor  
  38  7:15  Zergling x2  
  38  7:16  Zergling x12  
  38  7:17  Extractor  
  43  7:49  Hatchery  
  42  7:52  Drone x5  
  42  7:57  Baneling x3  
  42  7:58  Baneling x8  
  47  7:59  Centrifical Hooks  
  47  8:10  Spire  
  47  8:11  Drone x6  
  52  8:15  Overlord x2  
  52  8:16  Overlord  
  52  8:43  Drone x9  
  61  9:05  Hatchery  
  60  9:13  Evolution Chamber  
  60  9:15  Evolution Chamber  
  58  9:31  Mutalisk x4  
  58  9:32  Mutalisk x5  
  58  9:37  Zergling x2  
  58  9:38  Zergling x6  
  80  9:44  Zerg Melee Weapons Level 1  
  80  9:53  Drone x5  
  80  9:54  Extractor, Drone  
  80  9:55  Extractor  
  84  10:01  Drone x2  
  84  10:06  Drone  
  87  10:24  Pneumatized Carapace  
  81  10:57  Overseer  
  81  11:00  Mutalisk  
  81  11:01  Mutalisk x7  
  96  11:36  Hatchery  
  54  12:13  Zergling x2  
  54  12:14  Zergling x34  
  72  12:16  Mutalisk x3  
  78  13:05  Zergling x2  
  78  13:06  Zergling x14  
  78  13:09  Baneling  
  78  13:10  Baneling x18  
  86  13:25  Zerg Ground Armor Level 1, Zerg Melee Weapons Level 2  
  86  13:32  Zergling x8  
  90  13:35  Baneling  
  90  13:37  Baneling  
  90  13:38  Baneling x2  
  90  13:39  Baneling x3  
  90  13:40  Baneling x2  
  90  13:41  Overlord  
  90  13:42  Overlord  
  90  13:59  Drone x6  
  96  14:18  Hatchery  
  95  14:33  Drone x4  
  99  14:49  Hatchery  
  99  14:52  Infestation Pit  
  97  15:11  Extractor  
  96  15:22  Zerg Ground Armor Level 2  
  96  15:28  Hive  
  96  16:04  Extractor  
  96  16:10  Zergling x2  
  96  16:11  Zergling x14  
  103  16:26  Overseer  
  103  16:32  Overlord  
  103  16:33  Overlord x3  
  103  16:34  Overlord x3  
  103  16:35  Overlord  
  103  17:09  Zergling x2  
  103  17:10  Zergling x52  
  103  17:14  Drone  
  103  17:15  Drone x4  
  135  17:18  Baneling x5  
  135  17:19  Baneling x11  
  135  17:44  Mutalisk x7  
  135  17:45  Mutalisk x4  
  100  18:12  Corruptor x2  
  100  18:13  Corruptor x4  
  100  18:14  Corruptor x2  
  100  18:15  Corruptor  
  103  18:45  Corruptor  
  103  18:46  Corruptor x4  
  107  19:26  Corruptor x3  
  107  19:27  Corruptor x2  
  63  20:10  Corruptor  
  63  20:11  Corruptor x2  
  69  20:25  Hatchery  
  68  20:45  Zergling x2  
  68  20:46  Zergling x16  
  77  21:03  Zergling x8  
  80  21:07  Baneling x6  
  80  21:08  Baneling  
  80  21:10  Baneling  
  80  21:11  Baneling  
  80  21:19  Baneling x3  
  80  21:20  Baneling  
  78  22:11  Zergling x18  
Tags
 
Add a new tag
Caveats
  • Supply blocks, unpowered buildings, or Contaminate may cause inaccurate times.
  • Supply counts are checked every 10 seconds.